[Event "ICCopen2017"]
[Site "Internet Chess Club"]
[Date "2017.03.19"]
[Round "3"]
[White "Irenaeus"]
[Black "Oracle"]
[Result "1-0"]
[ICCResult "Black checkmated"]
[WhiteElo "1717"]
[BlackElo "1380"]
[Opening "Philidor: Boden variation"]
[ECO "C41"]
[NIC "KP.08"]
[Time "19:34:15"]
[TimeControl "180+0"]

1. e4 e5 2. Nf3 d6 3. d4 exd4 4. Qxd4 Bd7 5. Nc3 Nc6 6. Qd2 Be7 7. Be2 Bf6
8. O-O Qc8 9. Nd5 Bd8 10. b3 Nge7 11. Bb2 O-O 12. Nd4 Nxd4 13. Qxd4 f6 14.
Bc4 Kh8 15. Rad1 Be6 16. Nxe7 Bxe7 17. f4 Bxc4 18. Qxc4 Qg4 19. Qxc7 Bd8 20.
Qxb7 Bb6+ 21. Kh1 Rad8 22. Qd5 Qe2 23. Qd3 Qg4 24. Qf3 Qe6 25. Rd3 Kg8 26.
Rfd1 f5 27. e5 d5 28. Rxd5 Rxd5 29. Qxd5 Qxd5 30. Rxd5 Re8 31. h3 Kf7 32. c4
g6 33. g4 fxg4 34. hxg4 Be3 35. f5 gxf5 36. gxf5 Bg5 37. e6+ Ke7 38. Rd7+
Kf8 39. Rxh7 Bd8 40. Rh8+ Ke7 41. Ba3+ Kf6 42. Rxe8 Bb6 43. Bb2+ Kxf5 44. e7
Ke6 45. Rb8 Kxe7 46. Rxb6 axb6 47. Kg2 Kd6 48. Kf3 Kc5 49. Bc3 b5 50. cxb5
Kxb5 51. Ke4 Ka6 52. Kd5 Kb5 53. a4+ Kb6 54. b4 Ka6 55. b5+ Kb6 56. Bd4+ Kb7
57. a5 Ka8 58. a6 Kb8 59. Bb6 Ka8 60. Kc6 Kb8 61. Bc7+ Ka8 62. Ba5 Ka7 63.
b6+ Ka8 64. b7+ Kb8 65. Bc7+ Ka7 66. b8=Q+ Kxa6 67. Qb6# {Black checkmated}
1-0

[Event "ICCopen2017"]
[Site "Internet Chess Club"]
[Date "2017.03.19"]
[Round "3"]
[White "josper05"]
[Black "sanguine"]
[Result "1-0"]
[ICCResult "Black resigns"]
[WhiteElo "1495"]
[BlackElo "1124"]
[Opening "Scotch opening"]
[ECO "C44"]
[NIC "KP.10"]
[Time "19:35:26"]
[TimeControl "180+0"]

1. e4 e5 2. Nf3 Nc6 3. d4 d5 4. exd5 Qxd5 5. dxe5 Qxd1+ 6. Kxd1 Be6 7. Nc3
O-O-O+ 8. Ke1 f6 9. exf6 Nxf6 10. Bb5 Bc5 11. Bxc6 bxc6 12. Bg5 Rd6 13. Rd1
Rxd1+ 14. Nxd1 Ng4 15. h3 Re8 16. hxg4 Bxg4+ 17. Kd2 Bb4+ 18. c3 Ba5 19. b4
Bb6 20. Be3 Rd8+ 21. Kc2 Bf5+ 22. Kb3 Be6+ 23. Kb2 c5 24. bxc5 Ba5 25. Nd4
Bc4 26. Nc6 Rxd1 27. Rxd1 {Black resigns} 1-0

[Event "ICCopen2017"]
[Site "Internet Chess Club"]
[Date "2017.03.19"]
[Round "3"]
[White "DEHO"]
[Black "angelyas"]
[Result "0-1"]
[ICCResult "White resigns"]
[WhiteElo "2205"]
[BlackElo "1280"]
[Opening "QGA, Janowsky-Larsen variation"]
[ECO "D25"]
[NIC "QG.06"]
[Time "19:34:23"]
[TimeControl "180+0"]

1. d4 d5 2. c4 dxc4 3. Nf3 Nf6 4. e3 Bg4 5. Bxc4 e6 6. h3 Bh5 7. Nc3 Nbd7 8.
Be2 Bg6 9. O-O Be7 10. b3 a6 11. Bb2 Nb6 12. Rc1 c6 13. Ne5 Nbd5 14. Bf3 Rc8
15. Nxg6 hxg6 16. Qe2 Qa5 17. Rfd1 Nxc3 18. Bxc3 Qc7 19. e4 Ba3 20. Rc2 Rd8
21. d5 e5 22. dxc6 Rxd1+ 23. Qxd1 bxc6 24. Qd3 O-O 25. Qxa6 Bd6 26. Ba5 Qb8
27. Qxc6 Ba3 28. Bc7 Qb4 29. Bxe5 Qe1+ 30. Kh2 Nh5 31. Bxh5 gxh5 32. Bg3 Be7
33. h4 g5 34. hxg5 Bxg5 35. Qd5 Bh6 36. Qxh5 Qxe4 37. Rc4 Qh7 38. Rg4+ Kh8
39. Be5+ f6 40. Rg6 Bf4+ 41. Bxf4 Qxh5+ 42. Kg1 Qxg6 {White resigns} 0-1

[Event "ICCopen2017"]
[Site "Internet Chess Club"]
[Date "2017.03.19"]
[Round "3"]
[White "Shadeath"]
[Black "mn8"]
[Result "1-0"]
[ICCResult "Black resigns"]
[WhiteElo "2894"]
[BlackElo "1966"]
[Opening "King's pawn game"]
[ECO "C44"]
[NIC "KP.10"]
[Time "19:35:10"]
[TimeControl "180+0"]

1. e4 e5 2. Nf3 Nc6 3. Na3 Nf6 4. d3 Bc5 5. Be2 d6 6. Nc4 O-O 7. Be3 Nd4 8.
c3 Nxe2 9. Qxe2 Bxe3 10. Nxe3 Be6 11. O-O c6 12. Qc2 Nh5 13. d4 Qf6 14. Rad1
Nf4 15. dxe5 dxe5 16. Nd2 Qg6 17. Kh1 Rad8 18. Nf3 Bg4 19. Rxd8 Rxd8 20.
Nxe5 Qh5 21. N5xg4 {Black resigns} 1-0

[Event "ICCopen2017"]
[Site "Internet Chess Club"]
[Date "2017.03.19"]
[Round "3"]
[White "findles"]
[Black "DaveyJones"]
[Result "1-0"]
[ICCResult "Black resigns"]
[WhiteElo "1833"]
[BlackElo "1513"]
[Opening "Alekhine's defense: modern, Larsen variation"]
[ECO "B04"]
[NIC "AL.05"]
[Time "19:34:45"]
[TimeControl "180+0"]

1. e4 Nf6 2. e5 Nd5 3. d4 d6 4. Nf3 dxe5 5. Nxe5 g6 6. Bc4 e6 7. Qf3 Qe7 8.
O-O c6 9. Nd2 Bg7 10. Ne4 O-O 11. Re1 Nd7 12. Nxd7 Bxd7 13. c3 h6 14. Bd2
Nf6 15. Nxf6+ Qxf6 16. Qxf6 Bxf6 17. Bxh6 Rfe8 18. Bf4 b5 19. Bb3 a5 20. a4
Rac8 21. axb5 cxb5 22. Rxa5 b4 23. Bd2 bxc3 24. bxc3 Kg7 25. h3 Rh8 26. Ra7
Be8 27. Bxe6 Rc6 28. Bd5 Rd6 29. Bf3 Kf8 30. Ra8 Rb6 31. Rexe8+ {Black
resigns} 1-0

[Event "ICCopen2017"]
[Site "Internet Chess Club"]
[Date "2017.03.19"]
[Round "3"]
[White "Mormegil"]
[Black "manitodeplomo"]
[Result "0-1"]
[ICCResult "White resigns"]
[WhiteElo "1758"]
[BlackElo "2569"]
[Opening "QGD: 4.Nf3"]
[ECO "D37"]
[NIC "QP.09"]
[Time "19:35:08"]
[TimeControl "180+0"]

1. Nf3 d5 2. d4 e6 3. c4 Nf6 4. Nc3 dxc4 5. e4 Bb4 6. Qc2 b5 7. Bd2 a6 8.
Be2 Bb7 9. e5 Nd5 10. O-O Be7 11. a4 c6 12. b3 Nxc3 13. Bxc3 b4 14. Bd2 c3
15. Bf4 c5 16. Rad1 Nd7 17. dxc5 Bxc5 18. Ng5 Qe7 19. Ne4 O-O 20. Bf3 h6 21.
Nxc5 Nxc5 22. Bxb7 Qxb7 23. Rd6 Rfd8 24. Rfd1 Rxd6 25. exd6 Qe4 26. Qxe4
Nxe4 27. d7 Rd8 28. Bc7 c2 29. Rc1 Rxd7 30. f3 Rd1+ {White resigns} 0-1

[Event "ICCopen2017"]
[Site "Internet Chess Club"]
[Date "2017.03.19"]
[Round "3"]
[White "GYMEJR"]
[Black "uggi"]
[Result "0-1"]
[ICCResult "White resigns"]
[WhiteElo "1555"]
[BlackElo "1907"]
[Opening "Queen's pawn: London system"]
[ECO "A45"]
[NIC "QP.07"]
[Time "19:35:04"]
[TimeControl "180+0"]

1. d4 Nf6 2. Bf4 g6 3. e3 Bg7 4. c3 O-O 5. Bd3 d6 6. Nf3 c5 7. Nbd2 b6 8.
Rc1 Bb7 9. O-O Nbd7 10. h3 a6 11. Bb1 b5 12. Bh2 Qb6 13. e4 Rac8 14. d5 Ne8
15. b3 c4 16. b4 a5 17. a3 axb4 18. axb4 Ra8 19. Re1 Ne5 20. Nxe5 dxe5 21.
Nf3 f6 22. Re2 Nd6 23. Kh1 Ra3 24. Bg1 Rfa8 25. Ng5 fxg5 26. f4 Qc7 27. fxg5
Nf7 28. h4 h6 29. Rf2 hxg5 30. Rxf7 Kxf7 31. Qf3+ Kg8 32. hxg5 Rf8 33. Qh3
Bc8 34. g4 Qd7 {White resigns} 0-1

[Event "ICCopen2017"]
[Site "Internet Chess Club"]
[Date "2017.03.19"]
[Round "3"]
[White "Revolutions"]
[Black "alan2015"]
[Result "1-0"]
[ICCResult "Black checkmated"]
[WhiteElo "1787"]
[BlackElo "1400"]
[Opening "QGD: 4.Nf3"]
[ECO "D37"]
[NIC "QP.08"]
[Time "19:34:26"]
[TimeControl "180+0"]

1. d4 d5 2. c4 e6 3. Nf3 Nf6 4. Nc3 Be7 5. g3 dxc4 6. Bg2 c6 7. O-O b5 8. a3
Qc7 9. Re1 a6 10. e4 O-O 11. Bf4 Qb7 12. d5 cxd5 13. exd5 exd5 14. Ng5 Rd8
15. Nxd5 Nxd5 16. Qh5 Bxg5 17. Bxg5 f6 18. Bd2 Nc6 19. Bxd5+ Kh8 20. Bb4 Bd7
21. Re7 Re8 22. Be4 h6 23. Rxg7 Kxg7 24. Qg6+ Kh8 25. Qh7# {Black
checkmated} 1-0

[Event "ICCopen2017"]
[Site "Internet Chess Club"]
[Date "2017.03.19"]
[Round "3"]
[White "SPARNALIQ"]
[Black "BoldPlan"]
[Result "1-0"]
[ICCResult "Black resigns"]
[WhiteElo "2918"]
[BlackElo "1871"]
[Opening "Queen's pawn game"]
[ECO "D00"]
[NIC "QP.07"]
[Time "19:35:33"]
[TimeControl "180+0"]

1. d4 Nf6 2. Nc3 d5 3. Bf4 Bf5 4. e3 e6 5. Bd3 Ne4 6. Nge2 g5 7. Bxe4 dxe4
8. Bg3 Bd6 9. h4 g4 10. Bxd6 cxd6 11. Ng3 d5 12. Qe2 Nc6 13. h5 O-O 14. a3
Rc8 15. h6 Kh8 16. Nh5 f6 17. Ng7 Rf7 18. Rh5 Bg6 19. Rh4 f5 20. g3 Ne7 21.
Nxe6 Qb6 22. Nf4 Qxb2 23. Rb1 Qxc3+ 24. Kf1 b6 25. Kg2 Qxc2 26. Qe1 Rf6 27.
Qb4 Nc6 28. Qb5 Be8 29. Qa6 Ne7 30. Qxa7 Qxb1 31. Qxe7 Rf7 32. Qe5+ Kg8 33.
Rh5 Rc6 34. Qxe8+ Rf8 35. Rg5+ {Black resigns} 1-0

[Event "ICCopen2017"]
[Site "Internet Chess Club"]
[Date "2017.03.19"]
[Round "3"]
[White "elshan-defence"]
[Black "rencoroso"]
[Result "1-0"]
[ICCResult "Black forfeits on time"]
[WhiteElo "2704"]
[BlackElo "2100"]
[Opening "King's Indian, 3.Nf3"]
[ECO "E60"]
[NIC "QP.06"]
[Time "19:34:20"]
[TimeControl "180+0"]

1. d4 Nf6 2. Nf3 g6 3. c4 c5 4. Nc3 cxd4 5. Nxd4 d6 6. e4 Bg7 7. Be2 O-O 8.
O-O Nc6 9. Nc2 a6 10. a4 e6 11. Bf4 d5 12. cxd5 exd5 13. exd5 Ne7 14. Bf3
Bf5 15. Ne3 Qd7 16. d6 Nc6 17. Bxc6 bxc6 18. Nxf5 Qxf5 19. Bg3 Rfd8 20. Re1
Rd7 21. Qb3 Rad8 22. Qc4 Nd5 23. Qxc6 Nxc3 24. bxc3 a5 25. Rac1 Bf8 26. Rcd1
Qf6 27. Be5 Qh4 28. c4 Bg7 29. Bxg7 Kxg7 30. c5 Qb4 31. Qb5 Rb7 32. Qxb4
axb4 33. c6 Rb6 34. c7 Rbxd6 35. Rxd6 Rxd6 36. c8=Q b3 37. Qc3+
{Black forfeits on time}
1-0

[Event "ICCopen2017"]
[Site "Internet Chess Club"]
[Date "2017.03.19"]
[Round "3"]
[White "allmight"]
[Black "GreyWarden"]
[Result "1-0"]
[ICCResult "Black checkmated"]
[WhiteElo "1858"]
[BlackElo "2021"]
[Opening "King's Indian: orthodox, Aronin-Taimanov, 9.Ne1"]
[ECO "E98"]
[NIC "KI.03"]
[Time "19:34:51"]
[TimeControl "180+0"]

1. d4 Nf6 2. c4 g6 3. Nc3 Bg7 4. e4 d6 5. Nf3 O-O 6. Be2 e5 7. O-O Nc6 8. d5
Ne7 9. Ne1 Nd7 10. Be3 f5 11. f3 f4 12. Bf2 g5 13. Nd3 Nf6 14. Rc1 Ng6 15.
c5 Rf7 16. Kh1 h5 17. Nb5 a6 18. Na3 g4 19. Nc4 g3 20. Bg1 Ne8 21. cxd6 Nxd6
22. Nc5 Qe7 23. Nxd6 cxd6 24. Ne6 Bxe6 25. dxe6 Rff8 26. Qd5 b5 27. Rc6 Rfd8
28. Rfc1 Nf8 29. Bb6 Qxe6 30. Bxd8 Qxd5 31. exd5 Rxd8 32. Rxa6 e4 33. fxe4
Bxb2 34. Rc7 b4 35. Raa7 Bc3 36. a4 Rb8 37. Rab7 Ra8 38. Bb5 Ng6 39. Bd7 Be5
40. Be6+ Kh8 41. Rh7# {Black checkmated} 1-0

[Event "ICCopen2017"]
[Site "Internet Chess Club"]
[Date "2017.03.19"]
[Round "3"]
[White "DreadHead"]
[Black "BlackHorse96"]
[Result "0-1"]
[ICCResult "White resigns"]
[WhiteElo "2432"]
[BlackElo "3105"]
[Opening "Nimzovich-Larsen attack"]
[ECO "A01"]
[NIC "VO.08"]
[Time "19:35:42"]
[TimeControl "180+0"]

1. b3 g6 2. Bb2 Nf6 3. e3 Bg7 4. Nf3 O-O 5. d4 d6 6. Nbd2 b6 7. Be2 Bb7 8.
O-O Nbd7 9. c4 Re8 10. Qc2 a5 11. a3 Qc8 12. Bd3 e5 13. d5 Nc5 14. e4 Nh5
15. Rfe1 Nxd3 16. Qxd3 Nf4 17. Qc2 Qg4 18. g3 Bh6 19. Kh1 Nh3 20. Kg2 Bc8
21. Qd3 Nf4+ {White resigns} 0-1

[Event "ICCopen2017"]
[Site "Internet Chess Club"]
[Date "2017.03.19"]
[Round "3"]
[White "dfvm"]
[Black "lion100"]
[Result "1-0"]
[ICCResult "Black resigns"]
[WhiteElo "1969"]
[BlackElo "1409"]
[Opening "Caro-Kann: Tartakower (Nimzovich) variation"]
[ECO "B15"]
[NIC "CK.06"]
[Time "19:34:54"]
[TimeControl "180+0"]

1. e4 c6 2. d4 d5 3. Nc3 dxe4 4. Nxe4 Nf6 5. Nxf6+ exf6 6. Nf3 Bd6 7. Bd3
O-O 8. O-O Bg4 9. c3 Nd7 10. Bc2 Bh5 11. Be3 Nb6 12. Qd3 Bg6 13. Qe2 Nc4 14.
Bxg6 Nxe3 15. Bxh7+ Kxh7 16. fxe3 Kg8 17. Nd2 Qc7 18. g3 Rfe8 19. Nc4 Bf8
20. a4 a5 21. Qg4 Qe7 22. Rae1 b5 23. axb5 cxb5 24. Nb6 Rad8 25. e4 b4 26.
c4 Rxd4 27. Nd5 Qc5 28. Nxf6+ Kh8 29. Qh4+ {Black resigns} 1-0

[Event "ICCopen2017"]
[Site "Internet Chess Club"]
[Date "2017.03.19"]
[Round "3"]
[White "kathmales"]
[Black "Indiana-Jones"]
[Result "0-1"]
[ICCResult "White resigns"]
[WhiteElo "2238"]
[BlackElo "2723"]
[Opening "Sicilian: Alapin's variation (2.c3)"]
[ECO "B22"]
[NIC "SI.47"]
[Time "19:35:48"]
[TimeControl "180+0"]

1. e4 c5 2. c3 Nf6 3. e5 Nd5 4. d4 cxd4 5. Nf3 Nc6 6. cxd4 d6 7. Bc4 Nb6 8.
Bb3 dxe5 9. d5 Na5 10. Nc3 f6 11. Be3 g6 12. Bc2 Nac4 13. Bc1 Bg7 14. b3 Nd6
15. O-O O-O 16. a4 Bg4 17. h3 Bxf3 18. Qxf3 f5 19. Bb2 Rc8 20. Rac1 e4 21.
Qe3 Bxc3 22. Bxc3 Nxd5 23. Qxa7 Nxc3 24. Rfe1 Na2 25. Rcd1 Rxc2 26. b4 Nxb4
27. Qd4 Nd3 28. Re3 Nc4 29. Qa7 Nxe3 30. Qxe3 e5 31. Rb1 Qd4 32. Qg3 Qxf2+
33. Qxf2 Rxf2 34. Rxb7 Rc8 35. Rc7 Rxc7 {White resigns} 0-1

[Event "ICCopen2017"]
[Site "Internet Chess Club"]
[Date "2017.03.19"]
[Round "3"]
[White "INDIAN-ELEPHANT"]
[Black "Ohanessian"]
[Result "1-0"]
[ICCResult "Black resigns"]
[WhiteElo "2688"]
[BlackElo "2085"]
[Opening "Queen's pawn"]
[ECO "A40"]
[NIC "QO.17"]
[Time "19:34:16"]
[TimeControl "180+0"]

1. d4 e6 2. Nf3 f5 3. g3 Nf6 4. Bg2 d5 5. O-O Bd6 6. c4 c6 7. Nc3 O-O 8. Qc2
Ne4 9. Rb1 a5 10. a3 Bd7 11. b4 axb4 12. axb4 Be8 13. Bf4 Bh5 14. Bxd6 Qxd6
15. c5 Qe7 16. b5 Bxf3 17. exf3 Nxc3 18. Qxc3 Ra4 19. Rfe1 cxb5 20. Rxb5 Nc6
21. Qb3 Ra7 22. Qe3 Kf7 23. f4 Qd7 24. Rb2 Ra4 25. Rd2 Rfa8 26. h4 Ra3 27.
Qe2 R8a4 28. Qh5+ Kg8 29. Bxd5 g6 30. Bxc6 bxc6 31. Qe2 Kf7 32. Qe5 Ra1 33.
Rdd1 Rxd1 34. Rxd1 Ra8 35. Re1 Rd8 36. Rb1 Qe7 37. Rb6 Qd7 38. Kh2 Qxd4 39.
Rb7+ Rd7 40. Qxd4 Rxb7 41. Qh8 Re7 42. Qxh7+ Kf6 43. Qg8 e5 44. Qf8+ Ke6 45.
fxe5 Kxe5 46. Qxe7+ {Black resigns} 1-0

[Event "ICCopen2017"]
[Site "Internet Chess Club"]
[Date "2017.03.19"]
[Round "3"]
[White "pawnstar3"]
[Black "AAntonioEu"]
[Result "0-1"]
[ICCResult "White checkmated"]
[WhiteElo "1605"]
[BlackElo "2039"]
[Opening "Sicilian: Kan, 5.Nc3"]
[ECO "B43"]
[NIC "SI.41"]
[Time "19:34:38"]
[TimeControl "180+0"]

1. e4 c5 2. Nf3 e6 3. d4 cxd4 4. Nxd4 a6 5. Nc3 Qc7 6. Be2 b5 7. O-O Bb7 8.
Bf3 Nc6 9. Ndxb5 axb5 10. Nxb5 Qb8 11. a4 Ne5 12. Bf4 d6 13. Bxe5 dxe5 14.
c4 Nf6 15. Re1 Bc5 16. b4 Bxb4 17. Re2 O-O 18. Rb1 Bc5 19. Reb2 Rd8 20. Qe2
Qc8 21. h3 Rxa4 22. Nc3 Rxc4 23. Rxb7 Rxc3 24. Rb8 Qxb8 25. Rxb8 Rxb8 26.
Qa6 Rcb3 27. Qc6 Rb1+ 28. Kh2 Bxf2 29. g4 h6 30. Kg2 R8b2 31. h4 Bxh4+ 32.
Kh3 Bg5 33. Qc8+ Kh7 34. Qc3 Bf4 35. Bg2 Rh1+ 36. Bxh1 Rh2# {White
checkmated} 0-1

[Event "ICCopen2017"]
[Site "Internet Chess Club"]
[Date "2017.03.19"]
[Round "3"]
[White "Snaky"]
[Black "sarge"]
[Result "0-1"]
[ICCResult "White forfeits on time"]
[WhiteElo "1209"]
[BlackElo "1744"]
[Opening "Old Indian defense"]
[ECO "A42"]
[NIC "OI.07"]
[Time "19:34:37"]
[TimeControl "180+0"]

1. d4 d6 2. c4 c6 3. Nf3 Qc7 4. b3 e5 5. Bb2 e4 6. Nfd2 f5 7. e3 Nf6 8. Be2
Be7 9. Nc3 O-O 10. Qc2 Nbd7 11. h4 a5 12. a4 d5 13. cxd5 cxd5 14. h5 Bb4 15.
O-O-O b6 16. Nb5 Qb7 17. h6 g6 18. Bc3 Nb8 19. Bxb4 axb4 20. Nd6 Qd7 21. Nb5
Nc6 22. Kb2 Ba6 23. Rc1 Rfc8 24. Ka2 Na7 25. Nxa7 Rxc2+ 26. Rxc2 Bxe2 27.
Rhc1 Rxa7 28. Rc8+ Ne8 {White forfeits on time} 0-1

[Event "ICCopen2017"]
[Site "Internet Chess Club"]
[Date "2017.03.19"]
[Round "3"]
[White "mirpele-murpele"]
[Black "BestMate"]
[Result "1-0"]
[ICCResult "Black resigns"]
[WhiteElo "2622"]
[BlackElo "2124"]
[Opening "Sicilian defense"]
[ECO "B33"]
[NIC "SI.34"]
[Time "19:34:48"]
[TimeControl "180+0"]

1. e4 c5 2. d4 cxd4 3. Nf3 Nc6 4. Nxd4 Nf6 5. Nc3 g6 6. Nxc6 bxc6 7. e5 Nh5
8. Bc4 Ng7 9. O-O Ne6 10. f4 Ng7 11. Ne4 Qb6+ 12. Kh1 Ba6 13. Qe2 Bxc4 14.
Qxc4 Qb5 15. Qxb5 cxb5 16. a4 b4 17. Bd2 a5 18. c3 bxc3 19. Bxc3 e6 20. Nf6+
Kd8 21. Rfd1 Ra7 22. Rd3 Bb4 23. Rad1 d6 24. Bxb4 axb4 25. Rxd6+ Kc8 26. b3
Nh5 27. Nxh5 gxh5 28. R1d4 Rb7 29. g3 h4 30. Kg2 hxg3 31. hxg3 h5 32. Kh3 h4
33. g4 Rc7 34. Rc4 Kb7 35. a5 Rxc4 36. bxc4 Rc8 37. Rb6+ Ka7 38. Rxb4 Rc5
39. Kxh4 Ka6 40. Kg5 Kxa5 41. Rb7 Rxc4 42. Rxf7 Rc6 43. Re7 Kb5 44. Kf6 Rc4
45. Kg5 Rc6 46. Kf6 Rc4 47. f5 Rxg4 48. Kxe6 Kc6 49. f6 Rh4 50. Kf7 Rh7+ 51.
Kg6 Rh1 52. f7 Rg1+ 53. Kh7 Rh1+ 54. Kg8 Rg1+ 55. Kf8 Rf1 56. Ke8
{Black resigns}
1-0

[Event "ICCopen2017"]
[Site "Internet Chess Club"]
[Date "2017.03.19"]
[Round "3"]
[White "Montserrat"]
[Black "subterfuge"]
[Result "1-0"]
[ICCResult "Black resigns"]
[WhiteElo "1857"]
[BlackElo "1510"]
[Opening "English opening"]
[ECO "A17"]
[NIC "EO.64"]
[Time "19:34:31"]
[TimeControl "180+0"]

1. c4 Nf6 2. Nc3 e6 3. g3 d5 4. cxd5 exd5 5. d4 Bg4 6. Bg2 c6 7. h3 Bh5 8.
Qb3 Qb6 9. Qxb6 axb6 10. e3 Bd6 11. Nge2 Nbd7 12. a3 O-O 13. O-O h6 14. Nf4
Bg6 15. Nxg6 fxg6 16. Bd2 g5 17. b4 Rf7 18. b5 c5 19. Nxd5 cxd4 20. exd4
Rff8 21. a4 Rad8 22. Be3 Nxd5 23. Bxd5+ Kh8 24. Bxb7 Nf6 25. Bc6 Nh7 26. a5
bxa5 27. Rxa5 h5 28. b6 Rf6 29. d5 Nf8 30. b7 g4 31. hxg4 Rg6 32. gxh5 Rg4
33. Ra8 Rb8 34. Kg2 Nh7 35. Ba7 Rg8 36. Rxg8+ Kxg8 37. b8=Q+ {Black resigns}
1-0

[Event "ICCopen2017"]
[Site "Internet Chess Club"]
[Date "2017.03.19"]
[Round "3"]
[White "Osinger"]
[Black "ramezsamir"]
[Result "1/2-1/2"]
[ICCResult "Game drawn because neither player has mating material"]
[WhiteElo "1609"]
[BlackElo "1975"]
[Opening "French: advance, Nimzovich variation"]
[ECO "C02"]
[NIC "FR.03"]
[Time "19:34:23"]
[TimeControl "180+0"]

1. e4 e6 2. d4 d5 3. e5 c5 4. Qg4 Qb6 5. Nf3 cxd4 6. Bd3 Nc6 7. O-O Qc7 8.
Re1 Nb4 9. Nbd2 Nxc2 10. Bxc2 Qxc2 11. Nxd4 Qg6 12. Qf4 Bd7 13. Re3 Bc5 14.
Rg3 Qh6 15. N2b3 Qxf4 16. Bxf4 Bb6 17. Rxg7 Kf8 18. Rg3 h5 19. h4 Ne7 20.
Bg5 Ng6 21. Bf6 Rg8 22. Rc1 Rc8 23. Rxc8+ Bxc8 24. Nb5 Bd7 25. Nd6 Bc6 26.
Nd2 Bd4 27. Ra3 a6 28. Nf3 Bxb2 29. Rb3 Ba1 30. Nxb7 Nf4 31. Nd8 Rxg2+ 32.
Kh1 Bb5 33. a4 Bc4 34. Rb8 Ke8 35. Nxe6+ Kd7 36. Nxf4 Rxf2 37. e6+ fxe6 38.
Bxa1 Rxf3 39. Nxh5 Rh3+ 40. Kg2 Rxh4 41. Nf6+ Kc7 42. Be5+ Kc6 43. Rc8+ Kb6
44. Bc3 Rf4 45. Nd7+ Kb7 46. Rc5 Rg4+ 47. Kf3 Re4 48. Nf6 Rh4 49. a5 Rh3+
50. Kf4 Rxc3 51. Ke5 Re3+ 52. Kd6 Bb5 53. Rc7+ Kb8 54. Re7 d4 55. Ng4 Re4
56. Kc5 Rxg4 57. Kb6 d3 58. Rh7 Kc8 59. Rh8+ Kd7 60. Rh3 Kd6 61. Rh1 Rd4 62.
Rd1 d2 63. Ka7 Ba4 64. Rxd2 Rxd2 65. Kxa6 Rd5 66. Kb6 Rb5+ 67. Ka6 Rxa5+ 68.
Kxa5 Kc5 69. Kxa4 e5 70. Kb3 Kd4 71. Kc2 Ke3 72. Kd1 Kf2 73. Kd2 e4 74. Kc3
e3 75. Kd4 e2 76. Kd5 e1=Q 77. Kd6 Qe3 78. Kc7 Kf3 79. Kd6 Qe5+ 80. Kxe5
{Game drawn because neither player has mating material}
1/2-1/2

[Event "ICCopen2017"]
[Site "Internet Chess Club"]
[Date "2017.03.19"]
[Round "3"]
[White "YHWH"]
[Black "MATEPROOF"]
[Result "0-1"]
[ICCResult "White resigns"]
[WhiteElo "1487"]
[BlackElo "1923"]
[Opening "Benkö gambit"]
[ECO "A57"]
[NIC "BI.46"]
[Time "19:35:12"]
[TimeControl "180+0"]

1. d4 Nf6 2. c4 c5 3. d5 b5 4. Nc3 b4 5. Nb1 d6 6. Bg5 Nbd7 7. Nd2 g6 8. e4
Bg7 9. f4 O-O 10. Ngf3 h6 11. Bh4 Ng4 12. Qe2 Bxb2 13. Rb1 Bc3 14. h3 Ngf6
15. g4 Qa5 16. g5 hxg5 17. fxg5 Nh5 18. Kf2 Qxa2 19. Qd1 f6 20. Bd3 fxg5 21.
Bxg5 Ne5 22. Bc2 Bxd2 23. Qxd2 Nxf3 24. Qc1 Nxg5+ 25. Kg2 Bxh3+ 26. Rxh3
Nf4+ 27. Kg3 Nfxh3 28. e5 Rf3+ 29. Kg2 Raf8 30. Kh1 Qxc4 {White resigns} 0-1

[Event "ICCopen2017"]
[Site "Internet Chess Club"]
[Date "2017.03.19"]
[Round "3"]
[White "Palse"]
[Black "Mamba"]
[Result "1-0"]
[ICCResult "Black forfeits on time"]
[WhiteElo "2188"]
[BlackElo "2627"]
[Opening "Sicilian: dragon variation"]
[ECO "B70"]
[NIC "SI.15"]
[Time "19:34:29"]
[TimeControl "180+0"]

1. e4 c5 2. Nf3 d6 3. d4 cxd4 4. Nxd4 Nf6 5. Nc3 g6 6. Be2 Bg7 7. O-O Nc6 8.
Nb3 O-O 9. Bg5 a5 10. Re1 a4 11. Nd2 a3 12. b3 Qa5 13. Nd5 Nxd5 14. exd5
Qxd5 15. Be3 Bxa1 16. Qxa1 Re8 17. f4 e5 18. Bc4 Qa5 19. Ne4 Rd8 20. Bd2
Qb6+ 21. Be3 Qc7 22. Nf6+ Kg7 23. Nd5 Qa5 24. Bb6 Qd2 25. Bxd8 Nxd8 26. fxe5
Be6 27. exd6+ Kh6 28. Qc1 Qxc1 29. Rxc1 Nc6 30. Nc7 Rd8 31. Bxe6 fxe6 32.
Rd1 e5 33. Ne6 Rd7 34. Nc5 Rf7 35. d7 Nd8 36. h4 Kg7 37. Re1 Kf6 38. Rf1+
Ke7 39. Rd1 b6 40. Na4 Rf6 41. Nc3 Rd6 42. Rxd6 Kxd6 43. Nb5+ Kxd7 44. Nxa3
Kc6 45. Nc4 Nf7 46. Kf2 b5 47. Nd2 Kd5 48. Ke3 Nd6 49. g4 h5 50. gxh5 gxh5
51. Nf3 Nf5+ 52. Ke2 e4 53. Ng1 Nxh4 54. Nh3 Kd4 55. Nf4 Kc3 56. Kd1 e3 57.
Ne2+ {Black forfeits on time} 1-0

[Event "ICCopen2017"]
[Site "Internet Chess Club"]
[Date "2017.03.19"]
[Round "3"]
[White "jcgs1030"]
[Black "dalaz"]
[Result "1-0"]
[ICCResult "Black checkmated"]
[WhiteElo "1994"]
[BlackElo "1549"]
[Opening "French: Steinitz variation"]
[ECO "C11"]
[NIC "FR.04"]
[Time "19:35:06"]
[TimeControl "180+0"]

1. e4 e6 2. d4 d5 3. Nc3 Nf6 4. e5 Ne4 5. f4 Nxc3 6. bxc3 c5 7. Nf3 Nc6 8.
Rb1 Be7 9. Bd3 O-O 10. O-O f5 11. exf6 Bxf6 12. Ne5 cxd4 13. cxd4 Bxe5 14.
fxe5 Rxf1+ 15. Kxf1 Qh4 16. c3 Qxh2 17. Qg4 Bd7 18. Rxb7 Rf8+ 19. Ke1 Qg1+
20. Kd2 Rf2+ 21. Be2 Rxg2 22. Qh5 Nxd4 23. Rb8+ Bc8 24. Qe8# {Black
checkmated} 1-0

[Event "ICCopen2017"]
[Site "Internet Chess Club"]
[Date "2017.03.19"]
[Round "3"]
[White "sec7"]
[Black "Jorsay"]
[Result "1-0"]
[ICCResult "Black resigns"]
[WhiteElo "1344"]
[BlackElo "1424"]
[Opening "French defense"]
[ECO "C00"]
[NIC "FR.01"]
[Time "19:35:13"]
[TimeControl "180+0"]

1. e4 e6 2. Nf3 d5 3. exd5 exd5 4. d4 Nf6 5. c3 Bd6 6. Bd3 O-O 7. O-O c6 8.
Bg5 Bg4 9. Nbd2 Nbd7 10. Qc2 Qc7 11. h3 Bh5 12. Rae1 Rfe8 13. Rxe8+ Rxe8 14.
Re1 Rxe1+ 15. Nxe1 c5 16. Nef3 b6 17. g4 Bg6 18. Nh4 Bxd3 19. Qxd3 h6 20.
Bxf6 Nxf6 21. Nf5 Bf4 22. Nf3 Ne4 23. Qe2 Kh7 24. Ne3 cxd4 25. Nxd5 Qd6 26.
Qxe4+ {Black resigns} 1-0

[Event "ICCopen2017"]
[Site "Internet Chess Club"]
[Date "2017.03.19"]
[Round "3"]
[White "Cramagica"]
[Black "daskapitallesen"]
[Result "0-1"]
[ICCResult "White checkmated"]
[WhiteElo "1154"]
[BlackElo "1843"]
[Opening "Bird's opening: Lasker variation"]
[ECO "A03"]
[NIC "VO.07"]
[Time "19:34:57"]
[TimeControl "180+0"]

1. f4 d5 2. Nf3 Nf6 3. e3 c5 4. b3 Nc6 5. Bb2 e6 6. a3 Bd6 7. Bd3 O-O 8. O-O
a6 9. Nc3 b5 10. Na2 Rb8 11. Nc1 c4 12. bxc4 bxc4 13. Bxf6 Qxf6 14. Bxh7+
Kxh7 15. Ng5+ Kg8 16. Qh5 Qh6 17. Qxh6 gxh6 18. Nf3 e5 19. fxe5 Nxe5 20.
Nxe5 Bxe5 21. c3 Be6 22. Ne2 Bg7 23. Nd4 Bxd4 24. exd4 Rb2 25. Rf2 Rfb8 26.
h3 Rb1+ 27. Rxb1 Rxb1+ 28. Kh2 Ra1 29. g4 Rxa3 30. g5 hxg5 31. Rg2 f6 32.
Re2 Kf7 33. Kg3 a5 34. h4 gxh4+ 35. Kxh4 a4 36. Kh5 Ra1 37. Kh4 a3 38. d3
cxd3 39. Rd2 a2 40. Rxd3 Rh1+ 41. Kg3 a1=Q 42. Kf4 Qf1+ 43. Rf3 Rh4+ 44. Ke3
Re4+ 45. Kd2 Qxf3 46. Kc2 Re2+ 47. Kb3 Qd3 48. Kb4 Qc4+ 49. Ka5 Ra2+ 50. Kb6
Rb2+ 51. Ka7 Qa2# {White checkmated} 0-1